[Event "Titled Tuesday Blitz March 15 Early 2022"]
[White "Chernomordik, Pavel"]
[Black "Cramling Bellon, Anna"]
[WhiteFideId "2804530"]
[BlackFideId "32009232"]
[WhiteElo "2249"]
[BlackElo "1905"]
[Result "0-1"]
[Round "06"]
[TimeControl "180+1"]
[Date "2022.03.15"]
[WhiteClock "0:00:06"]
[BlackClock "0:00:05"]

1. e4 c5 2. Nc3 Nc6 3. Bb5 e6 4. Bxc6 dxc6 5. e5 Ne7 6. f4 Nd5 7. Nge2 Qh4+ 8. g3 Qh3 9. Kf2 Be7 10. Ne4 O-O 11. d3 f6 12. c4 Nxf4 13. gxf4 fxe5 14. Qf1 Qxd3 15. N2g3 Qd4+ 16. Be3 Rxf4+ 17. Ke2 Qxc4+ 18. Kd2 Rxf1 19. Rhxf1 Bd7 20. b3 Qb4+ 21. Kc2 c4 22. Bd2 cxb3+ 23. axb3 Qb6 24. Ne2 Rf8 25. Rg1 Kh8 26. N2c3 c5 27. Rg3 Bc6 28. Rag1 Bxe4+ 29. Nxe4 g6 30. Bc3 Qc7 31. Ng5 Bxg5 32. Rxg5 Rf2+ 33. Kb1 Kg8 34. Rxe5 Qc6 35. Re3 Qb5 36. Bb2 Rf1+ 37. Rxf1 Qxf1+ 38. Ka2 Qa6+ 39. Kb1 c4 40. bxc4 Qxc4 41. Rc3 Qf1+ 42. Ka2 b5 43. Rc8+ Kf7 44. Rc7+ Ke8 45. Rxh7 Qc4+ 46. Ka1 b4 47. Rxa7 b3 48. Bg7 Qf1+ 49. Kb2 Qf2+ 50. Kxb3 Qxa7 51. Be5 Qb6+ 52. Kc4 Qc6+ 0-1


[Site "https://www.chess.com"]

[Event "Titled Tuesday Blitz March 15 Early 2022"]
[White "Coto Mederos, Michel"]
[Black "Pranav Anand"]
[WhiteFideId "3508528"]
[BlackFideId "46626786"]
[WhiteElo "2427"]
[BlackElo "2259"]
[Result "0-1"]
[Round "06"]
[TimeControl "180+1"]
[Date "2022.03.15"]
[WhiteClock "0:00:14"]
[BlackClock "0:01:40"]

1. c4 e5 2. Nc3 d6 3. g3 Nf6 4. Bg2 Be7 5. e3 O-O 6. Nge2 h5 7. d4 Nc6 8. d5 Nb8 9. e4 h4 10. h3 Nh5 11. Be3 Bg5 12. f4 Bh6 13. Qd2 Nxg3 14. Nxg3 exf4 15. Bxf4 Bxf4 16. Qxf4 hxg3 17. O-O-O Nd7 18. Qxg3 Ne5 19. Rhg1 Qf6 20. Rdf1 Qh6+ 21. Kb1 Nxc4 22. Ka1 b5 23. Rf4 Bd7 24. Bf3 b4 25. Ne2 f5 26. Nd4 fxe4 27. Bxe4 Rxf4 28. Ne6 Bxe6 29. dxe6 Rxe4 30. Qg2 d5 31. Qf3 Qxe6 32. Qg3 g6 33. h4 Re8 0-1


[Site "https://www.chess.com"]

[Event "Titled Tuesday Blitz March 15 Early 2022"]
[White "Deac, Bogdan-Daniel"]
[Black "Nakamura, Hikaru"]
[WhiteFideId "1226380"]
[BlackFideId "2016192"]
[WhiteElo "2646"]
[BlackElo "2850"]
[Result "1/2-1/2"]
[Round "06"]
[TimeControl "180+1"]
[Date "2022.03.15"]
[WhiteClock "0:00:15"]
[BlackClock "0:00:13"]

1. e4 c5 2. Nf3 e6 3. g3 d6 4. d4 cxd4 5. Nxd4 Nf6 6. Bg2 Be7 7. c4 O-O 8. O-O Re8 9. Nc3 a6 10. b3 Nbd7 11. g4 g6 12. h3 e5 13. Nde2 Rb8 14. Ng3 b5 15. g5 Nh5 16. Nxh5 gxh5 17. Qxh5 bxc4 18. bxc4 Nf8 19. Nd5 Be6 20. Be3 Ng6 21. h4 Qc8 22. Rac1 Kh8 23. Nxe7 Rxe7 24. Qf3 Bg4 25. Qg3 Rc7 26. f3 Bh5 27. Bh3 Qe8 28. Bf5 Kg8 29. c5 dxc5 30. Bxg6 hxg6 31. Rxc5 Rxc5 32. Bxc5 Qe6 33. Be3 Rd8 34. Kg2 Qxa2+ 35. Rf2 Qe6 36. Rd2 Rxd2+ 37. Bxd2 Qc4 38. Qf2 Qd3 39. Be3 a5 40. Bc5 a4 41. Qe3 Qd1 42. Ba3 Qc2+ 43. Kg3 Kh7 44. Bd6 Qb2 45. Ba3 Qb1 46. Bd6 Qa1 47. Ba3 Qa2 48. Bd6 Qe6 49. Ba3 Kg8 50. Bc5 f5 51. gxf6 Qxf6 52. Ba3 Qf7 53. Bc5 Kh7 54. Ba3 g5 55. Bc1 gxh4+ 56. Kxh4 Bg6 57. Qh6+ Kg8 58. Qg5 Kh7 59. Qh6+ Kg8 60. Qg5 Kh7 61. Kg3 Qg7 62. Bb2 Qh6 63. Qxh6+ Kxh6 64. Bxe5 Be8 65. f4 Bd7 66. f5 Kg5 67. Bf4+ Kf6 68. Kg4 a3 69. Bc1 a2 70. Bb2+ Kf7 71. Kf4 Bc8 72. e5 Bd7 73. Kg5 Bc8 74. Kf4 Bd7 75. Ba1 Bc8 76. Kg5 Bd7 77. e6+ Bxe6 78. fxe6+ Kxe6 79. Kf4 Kd5 80. Ke3 Ke6 81. Kd2 Kf7 82. Kc2 Kg8 83. Kb2 Kf7 84. Kxa2 1/2-1/2


[Site "https://www.chess.com"]

[Event "Titled Tuesday Blitz March 15 Early 2022"]
[White "Demchenko, Anton"]
[Black "Riehle, Marco"]
[WhiteFideId "4160258"]
[BlackFideId "12904392"]
[WhiteElo "2539"]
[BlackElo "2462"]
[Result "1-0"]
[Round "06"]
[TimeControl "180+1"]
[Date "2022.03.15"]
[WhiteClock "0:01:53"]
[BlackClock "0:01:47"]

1. h3 d5 2. a3 e5 3. d3 c5 4. e3 Nc6 5. g3 f6 6. Bg2 Be6 7. b3 Bd6 8. Ne2 Nge7 9. Nd2 Qd7 10. Bb2 O-O-O 11. c4 d4 12. exd4 exd4 13. b4 cxb4 14. Ne4 f5 15. Nxd6+ Qxd6 16. O-O g5 17. axb4 Qxb4 18. Ba3 Qb6 19. Bxe7 Nxe7 20. Rb1 Qd6 21. Rxb7 Nc6 22. Qb3 Rd7 23. Rb1 Kd8 24. Bxc6 Qxc6 25. Rb8+ Ke7 26. Rxh8 f4 27. Rxh7+ Kf6 28. Rxd7 Qxd7 29. Qb2 Qe8 30. Qxd4+ Kg6 31. Qe4+ Kf6 32. Nd4 fxg3 33. fxg3 g4 34. Rf1+ Kg7 35. Nxe6+ Kh8 36. Qe5+ 1-0


[Site "https://www.chess.com"]

[Event "Titled Tuesday Blitz March 15 Early 2022"]
[White "Demin, Vladimir"]
[Black "Gatterer, Florian"]
[WhiteFideId "4167457"]
[BlackFideId "811688"]
[WhiteElo "2495"]
[BlackElo "2218"]
[Result "1-0"]
[Round "06"]
[TimeControl "180+1"]
[Date "2022.03.15"]
[WhiteClock "0:00:07"]
[BlackClock "0:00:04"]

1. e4 e5 2. Nf3 Nc6 3. Bb5 Nf6 4. O-O Nxe4 5. d4 Nd6 6. dxe5 Nxb5 7. a4 Nbd4 8. Nxd4 Nxd4 9. Qxd4 d5 10. exd6 Qxd6 11. Qe4+ Qe6 12. Qd4 Qd6 13. Qe3+ Be6 14. Nc3 Be7 15. Rd1 Qc6 16. Qg3 O-O 17. Bf4 Rac8 18. Be5 f6 19. Bd4 a6 20. Re1 Bb4 21. Re3 Rce8 22. Rae1 Bd7 23. h4 Rxe3 24. Rxe3 Re8 25. h5 Rxe3 26. Qxe3 Qe6 27. Qd2 h6 28. Be3 Be8 29. Qd4 c5 30. Qf4 Bc6 31. Qg3 Kh8 32. Ne2 Be8 33. Nf4 Qd7 34. c3 Ba5 35. Bxc5 Qxa4 36. Bf8 Qd1+ 37. Kh2 Qd7 38. Bc5 Bc7 39. Be3 Bxf4 40. Qxf4 Bxh5 41. Bd4 Be8 42. f3 Qe6 43. Qc7 Qd7 44. Qb8 Kh7 45. Qf4 b5 46. Qe4+ Bg6 47. Qa8 1-0


[Site "https://www.chess.com"]

[Event "Titled Tuesday Blitz March 15 Early 2022"]
[White "Donchenko, Alexander"]
[Black "Al-Tarboush, Ward"]
[WhiteFideId "24603295"]
[BlackFideId "7601450"]
[WhiteElo "2539"]
[BlackElo "2276"]
[Result "1-0"]
[Round "06"]
[TimeControl "180+1"]
[Date "2022.03.15"]
[WhiteClock "0:00:34"]
[BlackClock "0:00:02"]

1. b3 e5 2. Bb2 Nc6 3. e3 Nf6 4. Bb5 Bd6 5. Nf3 Qe7 6. d4 exd4 7. Nxd4 Nxd4 8. Qxd4 a6 9. Bd3 b5 10. Nd2 Bb7 11. Nf3 h6 12. a4 Bb4+ 13. Kf1 Bc5 14. Qf4 Bd6 15. Qh4 b4 16. Re1 O-O-O 17. Bxf6 Qxf6 18. Qxf6 gxf6 19. Nd4 Be5 20. Nf5 Bc3 21. Rd1 Kb8 22. h4 Rhg8 23. f3 Rh8 24. h5 d5 25. Kf2 c5 26. Rh4 a5 27. Bb5 Bc8 28. Ne7 Be6 29. Nc6+ Kc7 30. Nxd8 Rxd8 31. e4 d4 32. Rf4 Kc8 33. Rxf6 d3 34. Rxe6 fxe6 35. cxd3 Bd4+ 36. Ke2 Rg8 37. g4 e5 38. Bc4 Rg7 39. Rf1 Kd7 40. f4 Rxg4 41. fxe5 Rg2+ 42. Kf3 Rh2 43. e6+ Kd6 44. Kg4 Rg2+ 45. Kh3 Rg7 46. Rf8 Be5 47. Rd8+ Ke7 48. Rd7+ Kf8 49. Rd5 Bd4 50. Rd8+ Ke7 51. Ra8 Kf6 52. Rxa5 1-0


[Site "https://www.chess.com"]

[Event "Titled Tuesday Blitz March 15 Early 2022"]
[White "Dubov, Daniil"]
[Black "Shevchenko, Kirill"]
[WhiteFideId "24126055"]
[BlackFideId "14129574"]
[WhiteElo "2791"]
[BlackElo "2624"]
[Result "1-0"]
[Round "06"]
[TimeControl "180+1"]
[Date "2022.03.15"]
[WhiteClock "0:00:05"]
[BlackClock "0:00:01"]

1. d4 Nf6 2. Nf3 c5 3. d5 b5 4. c4 g6 5. cxb5 a6 6. b6 d6 7. e4 Bg7 8. Nc3 O-O 9. a4 Qxb6 10. a5 Qb7 11. h3 e6 12. Be2 exd5 13. exd5 Bf5 14. O-O Re8 15. Nd2 Qc7 16. Nc4 Nbd7 17. Bf4 Ne5 18. Bxe5 dxe5 19. g4 Bd7 20. g5 Nh5 21. Bxh5 gxh5 22. Qxh5 Bb5 23. Nxb5 axb5 24. Ne3 e4 25. Qg4 Qe5 26. Rfd1 Qxb2 27. Rab1 Qc3 28. Rxb5 Rxa5 29. Rxa5 Qxa5 30. d6 Bd4 31. d7 Rd8 32. Nf5 Qa4 33. Rxd4 cxd4 34. Qxe4 Qxd7 35. Qe5 f6 36. Qxf6 h5 37. Ne7+ Qxe7 38. Qxe7 Rf8 39. Qe6+ Kg7 40. Qe5+ Kg6 41. h4 Rd8 42. Qf6+ 1-0


[Site "https://www.chess.com"]

[Event "Titled Tuesday Blitz March 15 Early 2022"]
[White "Dushyant Sharma"]
[Black "Khabinets, Ivan"]
[WhiteFideId "25065130"]
[BlackFideId "14115980"]
[WhiteElo "2105"]
[BlackElo "2114"]
[Result "1-0"]
[Round "06"]
[TimeControl "180+1"]
[Date "2022.03.15"]
[WhiteClock "0:00:35"]
[BlackClock "0:00:45"]

1. e4 c5 2. Nf3 d6 3. d4 cxd4 4. Nxd4 Nf6 5. Nc3 a6 6. f4 e5 7. Nf3 Qc7 8. Bd3 Be7 9. O-O O-O 10. Kh1 b5 11. a3 Bb7 12. Qe1 Nbd7 13. Bd2 Nc5 14. b4 Ncd7 15. fxe5 dxe5 16. Nh4 g6 17. Bh6 Rfd8 18. Nf5 Bf8 19. Bxf8 Kxf8 20. Ne3 Kg7 21. Rd1 Rac8 22. Ncd5 Nxd5 23. exd5 Bxd5 24. Nxd5 Qd6 25. Ne3 Qe6 26. Qg3 e4 27. Nf5+ Kh8 28. Bxe4 Qxe4 29. Nd6 Qe6 30. Nxf7+ Kg8 31. Nxd8 Rxd8 32. Qb3 Qxb3 33. cxb3 1-0


[Site "https://www.chess.com"]

[Event "Titled Tuesday Blitz March 15 Early 2022"]
[White "Eggleston, Thomas A"]
[Black "Winkels, Marcel"]
[WhiteFideId "412139"]
[BlackFideId "1003887"]
[WhiteElo "2174"]
[BlackElo "1900"]
[Result "0-1"]
[Round "06"]
[TimeControl "180+1"]
[Date "2022.03.15"]
[WhiteClock "0:00:15"]
[BlackClock "0:01:08"]

1. e4 c5 2. Nf3 d6 3. d4 cxd4 4. Nxd4 Nf6 5. Nc3 a6 6. Be2 e5 7. Nb3 Be7 8. Be3 Be6 9. Nd5 Nxd5 10. exd5 Bf5 11. a4 Nd7 12. a5 Rc8 13. c4 O-O 14. O-O Bg6 15. f4 f5 16. fxe5 Nxe5 17. Ra4 Qd7 18. Nd4 Ng4 19. Bxg4 fxg4 20. Rxf8+ Bxf8 21. Ne6 Bf7 22. Nd4 Be7 23. Bf2 Bf6 24. Rb4 Re8 25. Rb3 Qa4 26. Qd3 Qa1+ 27. Qf1 Qa4 28. Rxb7 Qxa5 29. Nc6 Qd2 30. b4 Bg6 31. b5 Bd3 32. Qe1 Rxe1+ 0-1


[Site "https://www.chess.com"]

[Event "Titled Tuesday Blitz March 15 Early 2022"]
[White "Fier, Alexandr"]
[Black "Esipenko, Andrey"]
[WhiteFideId "2107139"]
[BlackFideId "24175439"]
[WhiteElo "2571"]
[BlackElo "2617"]
[Result "0-1"]
[Round "06"]
[TimeControl "180+1"]
[Date "2022.03.15"]
[WhiteClock "0:00:10"]
[BlackClock "0:00:06"]

1. d4 Nf6 2. c4 e6 3. Nf3 b6 4. g3 Ba6 5. b3 Bb4+ 6. Bd2 Be7 7. Bg2 O-O 8. O-O d5 9. cxd5 exd5 10. Nc3 Nbd7 11. Rc1 Re8 12. Bf4 Nf8 13. Re1 Ne6 14. Be5 c6 15. Bxf6 Bxf6 16. e3 Rc8 17. b4 Bb7 18. Qb3 Qd6 19. Red1 Nc7 20. Ne1 Ba6 21. Bf1 Bxf1 22. Kxf1 h5 23. Nd3 h4 24. Nf4 b5 25. Nce2 Na8 26. a4 bxa4 27. Qxa4 Nb6 28. Qxa7 Nc4 29. Qc5 Qd7 30. b5 Red8 31. bxc6 Rxc6 32. Qb4 g5 33. Nd3 Qh3+ 34. Kg1 Qg4 35. Qe1 Re6 36. Qf1 h3 37. Ne1 Rde8 38. Rd3 Bg7 39. Rcc3 Qf5 40. Rb3 R6e7 41. Nc3 g4 42. Rb5 Rd8 43. e4 Qh7 44. Rxd5 Rxd5 45. Nxd5 Rxe4 46. Rb3 Re8 47. Nd3 Nd2 48. Qd1 Nxb3 49. Qxb3 Qe4 50. Ne3 Bxd4 51. Nf4 Bxe3 52. Qb5 Bxf2+ 53. Kxf2 Qe1# 0-1


[Site "https://www.chess.com"]

[Event "Titled Tuesday Blitz March 15 Early 2022"]
[White "Foisor, Sabina-Francesca"]
[Black "Perez Leiva, Jerzy Jesus"]
[WhiteFideId "1212915"]
[BlackFideId "3524337"]
[WhiteElo "2243"]
[BlackElo "2261"]
[Result "1-0"]
[Round "06"]
[TimeControl "180+1"]
[Date "2022.03.15"]
[WhiteClock "0:00:28"]
[BlackClock "0:00:07"]

1. Nf3 d5 2. d4 Nf6 3. c4 e6 4. Nc3 Bb4 5. Bg5 h6 6. Bxf6 Qxf6 7. e3 O-O 8. a3 Bxc3+ 9. bxc3 c5 10. Be2 dxc4 11. Bxc4 b6 12. O-O Bb7 13. Qe2 Nc6 14. Rad1 Na5 15. Ba2 Rac8 16. e4 Qf4 17. Rfe1 cxd4 18. cxd4 Rc3 19. d5 exd5 20. exd5 Rxa3 21. Rd4 Qd6 22. h3 Qf6 23. Rg4 h5 24. Rg3 h4 25. Rg4 Bc8 26. Re4 Bf5 27. Re8 Rxe8 28. Qxe8+ Kh7 29. Bb1 Ra1 30. Bxf5+ 1-0


[Site "https://www.chess.com"]

[Event "Titled Tuesday Blitz March 15 Early 2022"]
[White "Gareyev, Timur"]
[Black "Nenezic, Marko"]
[WhiteFideId "14200937"]
[BlackFideId "912123"]
[WhiteElo "2582"]
[BlackElo "2457"]
[Result "1-0"]
[Round "06"]
[TimeControl "180+1"]
[Date "2022.03.15"]
[WhiteClock "0:00:27"]
[BlackClock "0:00:16"]

1. Nc3 c5 2. Nf3 Nc6 3. d4 cxd4 4. Nxd4 Nf6 5. e4 d6 6. Bg5 Bd7 7. Qd2 Rc8 8. f3 Nxd4 9. Qxd4 Qa5 10. Bd2 e5 11. Qf2 a6 12. Bd3 Qd8 13. O-O Be7 14. a4 O-O 15. Rfd1 Be6 16. Be3 Qc7 17. a5 Qc6 18. Kh1 Rfd8 19. Bb6 Rd7 20. Re1 Bd8 21. Be3 h6 22. Qg3 Nh5 23. Qf2 Nf6 24. Ne2 d5 25. Ng3 d4 26. Bd2 Bc4 27. f4 Bc7 28. Nf5 Kh7 29. Qh4 Ng8 30. Qh3 Be6 31. Qg3 g6 32. fxe5 Qc5 33. Bf4 Re8 34. Nd6 Rf8 35. h4 Ne7 36. Rf1 Nc8 37. Nf5 Rg8 38. Nxh6 Re8 39. Nf5 Na7 40. Qg5 Rh8 41. Qh6+ 1-0


[Site "https://www.chess.com"]

[Event "Titled Tuesday Blitz March 15 Early 2022"]
[White "Golsta, Madara"]
[Black "Kanyamarala, Trisha"]
[WhiteFideId "11607386"]
[BlackFideId "45004722"]
[WhiteElo "1997"]
[BlackElo "2047"]
[Result "0-1"]
[Round "06"]
[TimeControl "180+1"]
[Date "2022.03.15"]
[WhiteClock "0:00:19"]
[BlackClock "0:01:12"]

1. e4 c5 2. Nf3 d6 3. d4 cxd4 4. Nxd4 Nf6 5. Nc3 Nc6 6. Bg5 e6 7. Qd2 a6 8. f3 h6 9. Be3 Bd7 10. O-O-O b5 11. Nxc6 Bxc6 12. Ne2 d5 13. Nd4 Bb7 14. e5 Nd7 15. f4 Rc8 16. Kb1 Nc5 17. Bd3 Ne4 18. Bxe4 dxe4 19. Qe2 Qc7 20. Rhf1 Bd5 21. f5 Bc4 22. Qh5 Bxf1 23. Rxf1 exf5 24. Qxf5 Bc5 25. c3 Bxd4 26. Bxd4 O-O 27. Qxe4 Qc4 28. Rf3 Rfe8 29. Qf5 Rc7 30. Rg3 Re6 31. Rg4 Qe2 32. Bb6 Qd1# 0-1


[Site "https://www.chess.com"]

[Event "Titled Tuesday Blitz March 15 Early 2022"]
[White "Golubev, Mikhail"]
[Black "Santos Ruiz, Miguel"]
[WhiteFideId "14100983"]
[BlackFideId "22291482"]
[WhiteElo "2374"]
[BlackElo "2486"]
[Result "1/2-1/2"]
[Round "06"]
[TimeControl "180+1"]
[Date "2022.03.15"]
[WhiteClock "0:00:13"]
[BlackClock "0:00:07"]

1. e4 e5 2. Nf3 Nc6 3. Bb5 a6 4. Ba4 d6 5. c3 Nf6 6. d4 Bd7 7. O-O g6 8. Re1 Bg7 9. h3 O-O 10. dxe5 dxe5 11. Nbd2 Nh5 12. Nf1 Nf4 13. Bxf4 exf4 14. Qd2 Ne5 15. Bxd7 Qxd7 16. Qxf4 Nxf3+ 17. Qxf3 Rad8 18. Qe2 Qe6 19. Nd2 Rd7 20. Nb3 Qc6 21. Rad1 Rfd8 22. Rxd7 Rxd7 23. e5 h6 24. e6 Qxe6 25. Qxe6 fxe6 26. Rxe6 Rd1+ 27. Kh2 Kf7 28. Re2 b6 29. Nd2 a5 30. Nf3 Bf8 31. Re1 Bd6+ 32. g3 Rd3 33. Kg2 a4 34. a3 Kf6 35. Re4 Rd1 36. Rxa4 Rb1 37. Nd2 Rxb2 38. Nc4 Rb3 39. Nxd6 cxd6 40. Rb4 Rxa3 41. Rxb6 Rxc3 42. Rxd6+ Kf7 43. g4 Rc5 44. h4 h5 45. g5 Rc4 46. Rf6+ Kg7 47. f3 Rxh4 48. f4 Rg4+ 49. Kh2 Rh4+ 50. Kg2 Rg4+ 51. Kh2 Rh4+ 52. Kg2 1/2-1/2


[Site "https://www.chess.com"]

[Event "Titled Tuesday Blitz March 15 Early 2022"]
[White "Goriatchkin, Jouri"]
[Black "Hoffmann, Asa"]
[WhiteFideId "4120183"]
[BlackFideId "2001470"]
[WhiteElo "966"]
[BlackElo "2117"]
[Result "0-1"]
[Round "06"]
[TimeControl "180+1"]
[Date "2022.03.15"]
[WhiteClock "0:00:02"]
[BlackClock "0:00:50"]

1. d4 Nf6 2. Bg5 e6 3. c4 Be7 4. e3 b6 5. Nc3 Bb7 6. Nf3 d6 7. Be2 Nbd7 8. O-O c5 9. Bf4 a6 10. h3 O-O 11. a3 Re8 12. Re1 Bf8 13. Bh2 e5 14. d5 g6 15. e4 Bh6 16. b4 Nh5 17. b5 a5 18. Nd2 Nf4 19. Bxf4 Bxf4 20. Nf1 Nf6 21. Bd3 Bc8 22. Ne2 Bh6 23. Nc3 Nh5 24. Ne3 Qh4 25. Qf3 Rf8 26. a4 Qf4 27. Qxf4 Nxf4 28. Bf1 Bd7 29. Kh2 f5 30. g3 Nh5 31. Kg2 f4 32. gxf4 Nxf4+ 33. Kh2 Rf7 34. Ncd1 Raf8 35. Bg2 Nh5 36. Kg1 Bf4 37. Ng4 Kg7 38. f3 Bg3 39. Re2 Nf4 40. Rc2 h5 41. Nge3 Nxh3+ 42. Bxh3 Bxh3 43. Nf1 Bh4 44. Nh2 Bg3 45. Rc3 h4 46. Raa3 Bd7 47. Nf2 g5 48. Nfg4 Bxg4 49. Nxg4 Kg6 50. Kg2 Bf4 51. Kh3 Bg3 52. Rd3 Rf4 53. Rab3 Rxg4 54. Kxg4 Rf4+ 55. Kh3 g4+ 56. fxg4 Rxe4 57. Rbc3 Kg5 58. Rxg3 hxg3 59. Kxg3 Rd4 60. Kf3 Rd1 61. Rc2 Ra1 62. Rh2 Ra3+ 63. Ke4 Rxa4 64. Kd3 Ra3+ 65. Ke4 Rc3 66. Rh5+ Kg6 67. Rh8 Rxc4+ 68. Kd3 Rxg4 69. Rd8 Kf5 70. Rxd6 a4 71. Rxb6 Rd4+ 72. Ke3 Rxd5 73. Ra6 c4 74. b6 Rb5 75. Rxa4 c3 76. Rc4 Rxb6 77. Rxc3 Rd6 78. Rc5 Ra6 79. Rc8 Ra3+ 80. Ke2 Kf4 81. Rf8+ Ke4 82. Rh8 Ra2+ 83. Ke1 Kd4 84. Rd8+ Ke3 85. Kf1 Ra1+ 86. Kg2 e4 87. Kg3 Rg1+ 88. Kh2 Rg6 89. Kh1 Ke2 90. Re8 e3 91. Rd8 Kf2 92. Rf8+ Ke1 93. Re8 e2 94. Rd8 Rf6 0-1


[Site "https://www.chess.com"]

[Event "Titled Tuesday Blitz March 15 Early 2022"]
[White "Hambleton, Aman"]
[Black "Narayanan.S.L"]
[WhiteFideId "2606577"]
[BlackFideId "5058422"]
[WhiteElo "2552"]
[BlackElo "2494"]
[Result "0-1"]
[Round "06"]
[TimeControl "180+1"]
[Date "2022.03.15"]
[WhiteClock "0:00:01"]
[BlackClock "0:00:39"]

1. d4 c5 2. d5 e5 3. c4 d6 4. Nc3 g6 5. h4 h5 6. Nf3 Bh6 7. g3 Bxc1 8. Qxc1 Nf6 9. Ng5 a6 10. a3 b5 11. cxb5 axb5 12. Nxb5 Nxd5 13. Qd2 Bb7 14. e4 O-O 15. exd5 Qb6 16. Nc3 Nd7 17. Bh3 Nf6 18. O-O Rfb8 19. Rfb1 c4 20. Bf1 Qc7 21. Rc1 Ra5 22. Rc2 Nxd5 23. Nxd5 Rxd5 24. Qe3 Rc5 25. Ne4 Bxe4 26. Qxe4 d5 27. Qe2 Rb3 28. Rd1 e4 29. Qd2 Rcb5 0-1


[Site "https://www.chess.com"]

[Event "Titled Tuesday Blitz March 15 Early 2022"]
[White "Hammer, Jon Ludvig"]
[Black "Tabatabaei, M. Amin"]
[WhiteFideId "1503707"]
[BlackFideId "12521213"]
[WhiteElo "2607"]
[BlackElo "2544"]
[Result "1/2-1/2"]
[Round "06"]
[TimeControl "180+1"]
[Date "2022.03.15"]
[WhiteClock "0:00:03"]
[BlackClock "0:00:02"]

1. e4 e6 2. d4 d5 3. exd5 exd5 4. Nf3 Bd6 5. Bd3 Ne7 6. O-O O-O 7. Re1 Bf5 8. Bg5 f6 9. Bh4 Nbc6 10. Bg3 Bxg3 11. hxg3 Qd7 12. c3 Rae8 13. Na3 Bxd3 14. Qxd3 Nf5 15. Nc2 a6 16. Nd2 g6 17. g4 Ng7 18. Qf3 Nd8 19. Rxe8 Nxe8 20. Re1 c6 21. Nb4 a5 22. Nd3 b6 23. Qe2 Nd6 24. Qe7 Qxe7 25. Rxe7 Rf7 26. Rxf7 Kxf7 27. f3 g5 28. Nf1 Ke6 29. Ne3 N8b7 30. Kf2 c5 31. a4 c4 32. Ne1 b5 33. axb5 Nxb5 34. N1c2 N7d6 35. g3 f5 36. gxf5+ Nxf5 37. Nxf5 Kxf5 38. g4+ Ke6 39. Ke3 Nd6 40. f4 h6 41. Kf3 Ne4 42. Ne3 Nd2+ 43. Ke2 Ne4 44. Nf5 gxf4 45. Kf3 Ng5+ 46. Kxf4 Nf7 47. Ng7+ Kf6 48. Nh5+ Ke6 49. Ng3 a4 50. Nf1 Nd6 51. Ne3 Nb5 52. Nc2 Kf6 53. Na3 Nd6 54. Nc2 Nb5 55. Ne3 Ke6 56. Nc2 Kf6 1/2-1/2


[Site "https://www.chess.com"]

[Event "Titled Tuesday Blitz March 15 Early 2022"]
[White "Hansen, Soren Bech"]
[Black "Zheenbekov, Nurgazy"]
[WhiteFideId "1400681"]
[BlackFideId "13800485"]
[WhiteElo "2231"]
[BlackElo "1959"]
[Result "1-0"]
[Round "06"]
[TimeControl "180+1"]
[Date "2022.03.15"]
[WhiteClock "0:00:14"]
[BlackClock "0:00:01"]

1. e4 e5 2. Bc4 Nf6 3. d3 Be7 4. Nf3 Nc6 5. O-O O-O 6. a4 d5 7. exd5 Nxd5 8. Re1 Bg4 9. h3 Bh5 10. Nbd2 Kh8 11. Nf1 f6 12. Ng3 Bg6 13. Nh4 Bf7 14. Nhf5 Bc5 15. c3 a6 16. Qg4 g6 17. Nh6 f5 18. Nxf7+ Rxf7 19. Qf3 e4 20. Rxe4 Rd7 21. Nxf5 gxf5 22. Qxf5 Qf8 23. Qxf8+ Rxf8 24. d4 Be7 25. Bh6 Rfd8 26. Rae1 Nf6 27. Re6 Bf8 28. Rxf6 Bxh6 29. Rxh6 Kg7 30. Rhe6 Rg8 31. Bd3 Rf8 32. Be4 Nd8 33. Re5 c6 34. Bf3 Rdf7 35. Re7 Kg8 36. Rxf7 1-0


[Site "https://www.chess.com"]

[Event "Titled Tuesday Blitz March 15 Early 2022"]
[White "Hess, Robert"]
[Black "Postny, Evgeny"]
[WhiteFideId "2022036"]
[BlackFideId "2804344"]
[WhiteElo "2557"]
[BlackElo "2483"]
[Result "1-0"]
[Round "06"]
[TimeControl "180+1"]
[Date "2022.03.15"]
[WhiteClock "0:00:07"]
[BlackClock "0:00:01"]

1. b3 d5 2. Bb2 Nf6 3. h3 g6 4. d3 Bg7 5. Nd2 O-O 6. g4 c5 7. Bg2 Nc6 8. e3 d4 9. Bxc6 bxc6 10. e4 e5 11. Ngf3 Nd7 12. Qe2 a5 13. a4 Qe7 14. O-O-O Re8 15. h4 Nf8 16. Rdg1 Ne6 17. Nc4 Nf4 18. Qd2 Ba6 19. Ne1 Reb8 20. Rg3 Bf6 21. g5 Bg7 22. Kd1 Qe6 23. Bc1 Nd5 24. exd5 cxd5 25. Nxa5 e4 26. h5 Be5 27. hxg6 fxg6 28. Rgh3 Ra7 29. f4 e3 30. Qh2 Qg4+ 31. Qe2 Qxe2+ 32. Kxe2 Bc8 33. Nc6 Bg4+ 34. Nf3 1-0


[Site "https://www.chess.com"]

[Event "Titled Tuesday Blitz March 15 Early 2022"]
[White "Horcajuelo Rocamora, Martin"]
[Black "Beerdsen, Thomas"]
[WhiteFideId "24573027"]
[BlackFideId "1030108"]
[WhiteElo "1706"]
[BlackElo "2585"]
[Result "0-1"]
[Round "06"]
[TimeControl "180+1"]
[Date "2022.03.15"]
[WhiteClock "0:01:50"]
[BlackClock "0:01:55"]

1. e4 e5 2. Nf3 Nc6 3. Bb5 f5 4. d3 fxe4 5. dxe4 Nf6 6. Nbd2 Bc5 7. O-O d6 8. Bc4 Na5 9. Bb5+ c6 10. Ba4 b5 11. Bb3 Bb6 12. c4 Nxb3 13. Qxb3 Be6 14. Qc2 O-O 15. Ng5 Qe7 16. Nxe6 Qxe6 17. b3 Ng4 18. Nf3 Qg6 19. cxb5 Rxf3 0-1


[Site "https://www.chess.com"]

[Event "Titled Tuesday Blitz March 15 Early 2022"]
[White "Ilyasli, Ughur"]
[Black "Budrewicz, Krzysztof"]
[WhiteFideId "13416197"]
[BlackFideId "1127950"]
[WhiteElo "2045"]
[BlackElo "2248"]
[Result "1-0"]
[Round "06"]
[TimeControl "180+1"]
[Date "2022.03.15"]
[WhiteClock "0:00:03"]
[BlackClock "0:00:01"]

1. d4 Nf6 2. c4 g6 3. Nc3 Bg7 4. e4 O-O 5. Nge2 d6 6. Ng3 e5 7. d5 a5 8. Be2 Na6 9. h4 h5 10. Bg5 Qe8 11. Qd2 Bd7 12. O-O-O Nh7 13. Bxh5 gxh5 14. Nxh5 f6 15. Nxg7 Kxg7 16. Bh6+ Kh8 17. Bxf8 Qxf8 18. f3 Nc5 19. g4 a4 20. Rdg1 Qg7 21. g5 Rg8 22. g6 Nf8 23. h5 f5 24. h6 Qf6 25. g7+ Kh7 26. gxf8=Q Rxf8 27. Rg7+ Kh8 28. Qg2 fxe4 29. fxe4 Nd3+ 30. Kc2 Nf4 31. Qg5 Qxg5 32. Rxg5 c6 33. Rg7 Be8 34. Nxa4 cxd5 35. cxd5 Bxa4+ 36. b3 Bb5 37. Kd2 Bd3 38. Ke3 Ba6 39. a4 Rc8 40. Rhg1 Rc3+ 41. Kd2 Rc8 42. h7 b6 43. Rg8+ Kxh7 44. R8g7+ Kh6 45. R7g4 Rf8 46. Rh4+ Nh5 47. Rhg4 Rf2+ 48. Kc3 Rf4 49. Rg6+ Kh7 50. Rxd6 Nf6 51. Rxb6 Nxe4+ 52. Kb4 Bc8 53. Ka5 Bf5 54. Rb7+ Kh6 55. Rb8 Nf6 56. b4 Rd4 57. Rf8 Rxd5+ 58. b5 e4 59. Rxf6+ Kh7 60. Rf7+ Kh8 61. Rg5 Be6 62. Rxd5 Bxf7 63. Re5 1-0


[Site "https://www.chess.com"]

[Event "Titled Tuesday Blitz March 15 Early 2022"]
[White "Iskusnyh, Sergei"]
[Black "Gubanov, Oleg"]
[WhiteFideId "4120027"]
[BlackFideId "14115115"]
[WhiteElo "2492"]
[BlackElo "2080"]
[Result "1-0"]
[Round "06"]
[TimeControl "180+1"]
[Date "2022.03.15"]
[WhiteClock "0:00:31"]
[BlackClock "0:00:02"]

1. e4 Nf6 2. e5 Nd5 3. d4 d6 4. c4 Nb6 5. exd6 cxd6 6. Nc3 g6 7. Be3 Bg7 8. Rc1 O-O 9. b3 e5 10. Be2 Nc6 11. Nf3 f5 12. dxe5 dxe5 13. c5 Nd7 14. Bc4+ Kh8 15. Ng5 f4 16. Ne6 Qe7 17. Nxf8 Qxf8 18. Bd2 Nxc5 19. O-O e4 20. Re1 Bf5 21. Nd5 f3 22. Bc3 Bxc3 23. Rxc3 Qg7 24. Qa1 Ne5 25. Rce3 Rd8 26. Nf4 Nxc4 27. Qxg7+ Kxg7 28. bxc4 fxg2 29. Kxg2 Rd4 30. Rc3 Rd2 31. Re2 Rd1 32. Nd5 Na4 33. Ra3 Nc5 34. Rxa7 Rc1 35. Ne3 Kf6 36. Rb2 Nd3 37. Rb6+ Kg5 38. Rbxb7 Ne1+ 39. Kg3 Nf3 40. Rxh7 1-0


[Site "https://www.chess.com"]